TOP OF THE 1ST |
West Virginia Power batting - Pitching for South Bend Cubs : LHP Jesse Fields
|
Pitching: LHP Jesse Fields
|
|
Batting: RHB Jordan Robinson
|
0-0: Ball 1-0: Ball 2-0: Called Strike 2-1: Ball 3-1: Base on Balls
|
Batting: RHB Pleun Smit
|
0-0: Ball 1-0: Foul Ball, location: 2F 1-1: Ball 2-1: Swinging Strike 2-2: Foul Ball, location: 2F 2-2: Strikes out swinging
|
Batting: RHB Nick Wilkins
|
0-0: Ball 1-0: Called Strike 1-1: Fly out, F8 (Flyball, 89M, EV 90.6 MPH)
|
Batting: RHB Tom Primmer
|
0-0: Ball 1-0: Ball 2-0: Ball 3-0: Called Strike 3-1: Base on Balls Jordan Robinson to second
|
Batting: RHB Chris Beckham
|
0-0: Ball 1-0: Ball 2-0: Ball 3-0: Called Strike 3-1: Foul Ball, location: 2F 3-2: Base on Balls Jordan Robinson to third Tom Primmer to second
|
Batting: RHB Roberto Guzman
|
0-0: Ball 1-0: Ball 2-0: Called Strike 2-1: Ball Wild Pitch! Jordan Robinson scores Tom Primmer to third Chris Beckham to second 3-1: Base on Balls
|
Pitching: LHP Colin Scott
|
|
Batting: RHB Dennis Coppolino
|
0-0: Ball 1-0: Ground out 4-3 (Groundball, 4D, EV 103.1 MPH)
|
Top of the 1st over - 1 run, 0 hits, 0 errors, 3 left on base; West Virginia 1 - South Bend 0 |
BOTTOM OF THE 1ST |
South Bend Cubs batting - Pitching for West Virginia Power : RHP Victor Medina
|
Pitching: RHP Victor Medina
|
|
Batting: RHB Brian Gargis
|
0-0: Called Strike 0-1: Ball 1-1: Bunted foul 1-2: Ball 2-2: Ball 3-2: Base on Balls
|
Batting: RHB Rich Thurman
|
0-0: Called Strike 0-1: Foul Ball, location: 2F 0-2: Ball Brian Gargis steals 2nd base 1-2: Foul Ball, location: 2F 1-2: Fly out, F8 (Line Drive, 8RD, EV 90.6 MPH)
|
Batting: RHB Mike Savage
|
0-0: Swinging Strike 0-1: DOUBLE (Line Drive, 9LD, EV 100.6 MPH) Brian Gargis scores
|
Batting: RHB Jonathan Sotelo
|
0-0: Ball 1-0: Fly out, F7 (Line Drive, 7, EV 98.1 MPH)
|
Batting: LHB Mark Ingram
|
0-0: Ball Wild Pitch! Mike Savage to third 1-0: Ball 2-0: Foul Ball, location: 2F 2-1: Foul Ball, location: 2F 2-2: Strikes out swinging
|
Bottom of the 1st over - 1 run, 1 hit, 0 errors, 1 left on base; West Virginia 1 - South Bend 1 |
TOP OF THE 2ND |
West Virginia Power batting - Pitching for South Bend Cubs : LHP Colin Scott
|
Batting: RHB Alfredo Medrano
|
0-0: Ball 1-0: Foul Ball, location: 2F 1-1: Ball 2-1: Foul Ball, location: 2F 2-2: Ball 3-2: Strikes out swinging
|
Batting: RHB John Beiswenger
|
0-0: Ball 1-0: Ball 2-0: Ball 3-0: Called Strike 3-1: Foul Ball, location: 2F 3-2: Base on Balls
|
Batting: RHB Jordan Robinson
|
0-0: Called Strike 0-1: Foul Ball, location: 2F 0-2: Strikes out swinging
|
Batting: RHB Pleun Smit
|
0-0: Swinging Strike 0-1: Swinging Strike 0-2: Ball 1-2: Foul Ball, location: 2F 1-2: Ball 2-2: Foul Ball, location: 2F 2-2: Foul Ball, location: 2F 2-2: Strikes out looking
|
Top of the 2nd over - 0 runs, 0 hits, 0 errors, 1 left on base; West Virginia 1 - South Bend 1 |
BOTTOM OF THE 2ND |
South Bend Cubs batting - Pitching for West Virginia Power : RHP Victor Medina
|
Batting: RHB Khalil Stephens
|
0-0: DOUBLE (Groundball, 5L, EV 98.8 MPH)
|
Batting: LHB Mark Huey
|
0-0: Called Strike Khalil Stephens steals 3rd, throwing error, E2 Khalil Stephens scores 0-1: Ground out 6-3 (Groundball, 4MD, EV 83.8 MPH)
|
Batting: RHB Denis Rachin
|
0-0: Fly out, F7 (Flyball, 7D, EV 94.4 MPH)
|
Batting: SHB Benoît Morin
|
0-0: Foul Ball, location: 2F 0-1: Ball 1-1: Foul Ball, location: 2F 1-2: Ground out 4-3 (Groundball, 4, EV 98.8 MPH)
|
Bottom of the 2nd over - 1 run, 1 hit, 1 error, 0 left on base; West Virginia 1 - South Bend 2 |
TOP OF THE 3RD |
West Virginia Power batting - Pitching for South Bend Cubs : LHP Colin Scott
|
Pitching: RHP Miles Edwards
|
|
Batting: RHB Nick Wilkins
|
0-0: Called Strike 0-1: Called Strike 0-2: Ball 1-2: Ball 2-2: Strikes out looking
|
Batting: RHB Tom Primmer
|
0-0: Ball 1-0: Foul Ball, location: 2F 1-1: Ball 2-1: Swinging Strike 2-2: Ball 3-2: Foul Ball, location: 2F 3-2: Strikes out swinging, 2-3 out at first.
|
Batting: RHB Chris Beckham
|
0-0: SINGLE (Groundball, 34D, EV 100.0 MPH)
|
Batting: RHB Roberto Guzman
|
0-0: Called Strike 0-1: Ball 1-1: Foul Ball, location: 2F 1-2: Strikes out swinging
|
Top of the 3rd over - 0 runs, 1 hit, 0 errors, 1 left on base; West Virginia 1 - South Bend 2 |
BOTTOM OF THE 3RD |
South Bend Cubs batting - Pitching for West Virginia Power : RHP Victor Medina
|
Batting: RHB Brian Gargis
|
0-0: Ball 1-0: Ball 2-0: Foul Ball, location: 2F 2-1: Foul Ball, location: 2F 2-2: Ball 3-2: Foul Ball, location: 2F 3-2: Base on Balls
|
Batting: RHB Rich Thurman
|
0-0: Ball 1-0: Called Strike Balk! Brian Gargis to second 1-1: Swinging Strike 1-2: Foul Ball, location: 2F 1-2: Strikes out looking
|
Batting: RHB Mike Savage
|
0-0: Foul Ball, location: 2F 0-1: Ball Brian Gargis steals 3rd, throwing error, E2 Brian Gargis scores 1-1: Called Strike 1-2: Foul Ball, location: 2F 1-2: Foul Ball, location: 2F 1-2: SINGLE (Groundball, 6MD, EV 98.1 MPH)
|
Batting: RHB Jonathan Sotelo
|
0-0: Grounds into double play, 6-4-3 (Groundball, 6, EV 110.0 MPH)
|
Bottom of the 3rd over - 1 run, 1 hit, 1 error, 0 left on base; West Virginia 1 - South Bend 3 |
TOP OF THE 4TH |
West Virginia Power batting - Pitching for South Bend Cubs : RHP Miles Edwards
|
Batting: RHB Dennis Coppolino
|
0-0: Ball 1-0: Ground out 5-3 (Groundball, 5, EV 85.0 MPH)
|
Pitching: RHP Jose Ramirez
|
|
Batting: RHB Alfredo Medrano
|
0-0: Called Strike 0-1: Swinging Strike 0-2: Strikes out swinging
|
Batting: RHB John Beiswenger
|
0-0: Hit by Pitch
|
Batting: RHB Jordan Robinson
|
0-0: Called Strike 0-1: 2-RUN HOME RUN (Flyball, 7LD, EV 90.6 MPH), Distance : 349 ft
|
Batting: RHB Pleun Smit
|
0-0: Ball 1-0: Ball 2-0: Called Strike 2-1: DOUBLE (Groundball, 5L, EV 101.9 MPH)
|
Batting: RHB Nick Wilkins
|
0-0: Ball 1-0: SINGLE (Line Drive, 6MD, EV 99.4 MPH) Pleun Smit to third Runner from 3rd tries for Home, SAFE, throw by CF to home Nick Wilkins to second
|
Batting: RHB Tom Primmer
|
0-0: Swinging Strike 0-1: Called Strike 0-2: SINGLE (Line Drive, 4D, EV 100.0 MPH) Nick Wilkins to third
|
Batting: RHB Chris Beckham
|
0-0: Called Strike 0-1: Swinging Strike 0-2: SINGLE (Groundball, 34D, EV 103.1 MPH) Nick Wilkins scores Tom Primmer to second Runner from 2nd tries for 3rd, SAFE, throw by RF made to third
|
Pitching: RHP Jose Marrero
|
|
Batting: RHB Roberto Guzman
|
0-0: Called Strike 0-1: Swinging Strike 0-2: Foul Ball, location: 2F 0-2: Ball 1-2: Strikes out swinging
|
Top of the 4th over - 4 runs, 5 hits, 0 errors, 2 left on base; West Virginia 5 - South Bend 3 |
BOTTOM OF THE 4TH |
South Bend Cubs batting - Pitching for West Virginia Power : RHP Victor Medina
|
Batting: LHB Mark Ingram
|
0-0: SINGLE (Line Drive, 34, EV 100.6 MPH)
|
Batting: RHB Khalil Stephens
|
0-0: Ball 1-0: Ball 2-0: Foul Ball, location: 2F 2-1: Ball Passed Ball! Mark Ingram to second 3-1: DOUBLE (Line Drive, 7LM, EV 106.2 MPH) Mark Ingram scores
|
Batting: LHB Mark Huey
|
0-0: Ball 1-0: Foul Ball, location: 2F 1-1: Foul Ball, location: 2F 1-2: Ball 2-2: Ball 3-2: DOUBLE (Line Drive, 9LS, EV 100.6 MPH) Khalil Stephens scores
|
Batting: RHB Denis Rachin
|
0-0: Ground out 3-1 (Groundball, 34D, EV 93.1 MPH) Mark Huey to third
|
Batting: SHB Benoît Morin
|
0-0: Called Strike 0-1: Ground out 4-3 (Groundball, 4, EV 95.6 MPH) Mark Huey scores
|
Batting: RHB Brian Gargis
|
0-0: Called Strike 0-1: Fly out, F7 (Flyball, 78S, EV 92.5 MPH)
|
Bottom of the 4th over - 3 runs, 3 hits, 0 errors, 0 left on base; West Virginia 5 - South Bend 6 |
TOP OF THE 5TH |
West Virginia Power batting - Pitching for South Bend Cubs : RHP Jose Marrero
|
Batting: RHB Dennis Coppolino
|
0-0: Ground out 5-3 (Groundball, 56, EV 83.1 MPH)
|
Batting: RHB Alfredo Medrano
|
0-0: Called Strike 0-1: Called Strike 0-2: Ball 1-2: Ball 2-2: Ball 3-2: Foul Ball, location: 2F 3-2: Strikes out swinging
|
Batting: RHB John Beiswenger
|
0-0: Called Strike 0-1: Foul Ball, location: 2F 0-2: Ball 1-2: Strikes out swinging
|
Top of the 5th over - 0 runs, 0 hits, 0 errors, 0 left on base; West Virginia 5 - South Bend 6 |
BOTTOM OF THE 5TH |
South Bend Cubs batting - Pitching for West Virginia Power : RHP Victor Medina
|
Batting: RHB Rich Thurman
|
0-0: DOUBLE (Flyball, 89D, EV 102.5 MPH)
|
Batting: RHB Mike Savage
|
0-0: Ground out 4-3 (Groundball, 4D, EV 91.2 MPH) Rich Thurman to third
|
Batting: RHB Jonathan Sotelo
|
0-0: Ball 1-0: Ball 2-0: Swinging Strike 2-1: Fly out, F8 (Flyball, 8RD, EV 90.6 MPH) Runner from 3rd tags up, SCORES, no throw by CF
|
Batting: LHB Mark Ingram
|
0-0: Called Strike 0-1: Ground out 4-3 (Groundball, 4M, EV 86.9 MPH)
|
Bottom of the 5th over - 1 run, 1 hit, 0 errors, 0 left on base; West Virginia 5 - South Bend 7 |
TOP OF THE 6TH |
West Virginia Power batting - Pitching for South Bend Cubs : RHP Jose Marrero
|
Batting: RHB Jordan Robinson
|
0-0: Ball 1-0: Called Strike 1-1: Ball 2-1: Ball 3-1: Foul Ball, location: 2F 3-2: Fly out, F4 (Flyball, 34D, EV 83.1 MPH)
|
Batting: RHB Pleun Smit
|
0-0: SINGLE (Groundball, 56D, EV 102.5 MPH)
|
Batting: RHB Nick Wilkins
|
0-0: Ball 1-0: Ball 2-0: DOUBLE (Groundball, 5L, EV 102.5 MPH) Pleun Smit to third Runner from 3rd tries for Home, throw by LF and OUT! 7-6-2
|
Batting: RHB Tom Primmer
|
0-0: Ball 1-0: Swinging Strike 1-1: Ball 2-1: Ball 3-1: Base on Balls
|
Batting: RHB Chris Beckham
|
0-0: Ball 1-0: SINGLE (Groundball, 56D, EV 96.9 MPH) Nick Wilkins to third Tom Primmer to second
|
Batting: RHB Roberto Guzman
|
0-0: Ball 1-0: Swinging Strike 1-1: SINGLE (Popup, 3D, EV 45.0 MPH) Nick Wilkins scores Tom Primmer to third Chris Beckham to second Runner from 3rd tries for Home, throw by 2B and OUT! 4-2
|
Top of the 6th over - 1 run, 4 hits, 0 errors, 2 left on base; West Virginia 6 - South Bend 7 |
BOTTOM OF THE 6TH |
South Bend Cubs batting - Pitching for West Virginia Power : RHP Victor Medina
|
Pitching: RHP Shuji Ito
|
|
Batting: RHB Khalil Stephens
|
0-0: Foul Ball, location: 2F 0-1: Ground out U3 (Groundball, 13, EV 82.5 MPH)
|
Batting: LHB Mark Huey
|
0-0: Ball 1-0: Ball 2-0: Called Strike 2-1: Ball 3-1: Base on Balls
|
Batting: RHB Denis Rachin
|
0-0: Called Strike 0-1: Ball Mark Huey steals 2nd base 1-1: Foul Ball, location: 2F 1-2: Strikes out swinging
|
Batting: SHB Benoît Morin
|
0-0: Called Strike 0-1: SINGLE (Groundball, 4MD, EV 104.4 MPH) (infield hit) Mark Huey to third
|
Batting: RHB Brian Gargis
|
0-0: Called Strike 0-1: Ball 1-1: Ball 2-1: Ground out 1-3 (Groundball, 15, EV 71.2 MPH)
|
Bottom of the 6th over - 0 runs, 1 hit, 0 errors, 2 left on base; West Virginia 6 - South Bend 7 |
TOP OF THE 7TH |
West Virginia Power batting - Pitching for South Bend Cubs : RHP Jose Marrero
|
Batting: RHB Dennis Coppolino
|
0-0: Called Strike 0-1: Ball 1-1: Swinging Strike 1-2: SOLO HOME RUN (Line Drive, 89XD, EV 107.5 MPH), Distance : 420 ft
|
Batting: RHB Alfredo Medrano
|
0-0: Called Strike 0-1: Swinging Strike 0-2: Foul Ball, location: 2F 0-2: Foul Ball, location: 2F 0-2: Ball 1-2: Strikes out swinging
|
Pinch Hitting: LHB Justin Harris
|
0-0: Ball 1-0: Ground out 6-3 (Groundball, 6, EV 102.5 MPH)
|
Batting: RHB Jordan Robinson
|
0-0: Called Strike 0-1: Hit by Pitch
|
Batting: RHB Pleun Smit
|
0-0: Ball Jordan Robinson steals 2nd base 1-0: Called Strike 1-1: Ball 2-1: Ball 3-1: Fly out, F9 (Flyball, 9, EV 86.2 MPH)
|
Top of the 7th over - 1 run, 1 hit, 0 errors, 1 left on base; West Virginia 7 - South Bend 7 |
BOTTOM OF THE 7TH |
South Bend Cubs batting - Pitching for West Virginia Power : RHP Shuji Ito
|
Pitching: RHP Yuan-zhang Pi
|
|
Now at SS: Steve Dennis
|
|
Batting: RHB Rich Thurman
|
0-0: Ball 1-0: Ground out 6-3 (Groundball, 6, EV 108.1 MPH)
|
Batting: RHB Mike Savage
|
0-0: Called Strike 0-1: Called Strike 0-2: Foul Ball, location: 2F 0-2: Ball 1-2: Ball 2-2: Foul Ball, location: 2F 2-2: Ball 3-2: Foul Ball, location: 2F 3-2: TRIPLE (Flyball, 78XD, EV 90.6 MPH)
|
Batting: RHB Jonathan Sotelo
|
0-0: Ball 1-0: Fly out, F8 (Flyball, 8LD, EV 98.1 MPH) Runner from 3rd tags up, OUT at HOME! 8-2
|
Bottom of the 7th over - 0 runs, 1 hit, 0 errors, 0 left on base; West Virginia 7 - South Bend 7 |
TOP OF THE 8TH |
West Virginia Power batting - Pitching for South Bend Cubs : RHP Jose Marrero
|
Batting: RHB Nick Wilkins
|
0-0: Called Strike 0-1: Ball 1-1: Swinging Strike 1-2: Ball 2-2: Strikes out swinging
|
Pitching: LHP Shuan-yan Wu
|
|
Batting: RHB Tom Primmer
|
0-0: Ground out 6-3 (Groundball, 6, EV 85.6 MPH)
|
Batting: RHB Chris Beckham
|
0-0: Ball 1-0: Ball 2-0: Foul Ball, location: 2F 2-1: Ball 3-1: Base on Balls
|
Batting: RHB Roberto Guzman
|
0-0: Ball 1-0: Swinging Strike 1-1: Hit by Pitch Chris Beckham to second
|
Batting: RHB Dennis Coppolino
|
0-0: Ground out 4-3 (Groundball, 4, EV 89.4 MPH)
|
Top of the 8th over - 0 runs, 0 hits, 0 errors, 2 left on base; West Virginia 7 - South Bend 7 |
BOTTOM OF THE 8TH |
South Bend Cubs batting - Pitching for West Virginia Power : RHP Yuan-zhang Pi
|
Batting: LHB Mark Ingram
|
0-0: Ball 1-0: Foul Ball, location: 2F 1-1: Ball 2-1: Ball 3-1: Called Strike 3-2: Ground out 4-3 (Groundball, 4, EV 85.0 MPH)
|
Batting: RHB Khalil Stephens
|
0-0: Ball 1-0: Hit by Pitch
|
Batting: LHB Mark Huey
|
0-0: Called Strike Khalil Stephens steals 2nd base 0-1: Ball 1-1: Intentional Walk
|
Batting: RHB Denis Rachin
|
0-0: Ball 1-0: Ball 2-0: Called Strike Khalil Stephens steals 3rd base 2-1: Ground out 5-3 (Groundball, 5, EV 78.1 MPH) Mark Huey to second
|
Batting: SHB Benoît Morin
|
0-0: Ball 1-0: Swinging Strike 1-1: Foul Ball, location: 2F 1-2: Fly out, F8 (Flyball, 78D, EV 95.0 MPH)
|
Bottom of the 8th over - 0 runs, 0 hits, 0 errors, 2 left on base; West Virginia 7 - South Bend 7 |
TOP OF THE 9TH |
West Virginia Power batting - Pitching for South Bend Cubs : LHP Shuan-yan Wu
|
Batting: RHB Alfredo Medrano
|
0-0: Called Strike 0-1: SINGLE (Line Drive, 8RS, EV 88.1 MPH)
|
Batting: RHB Steve Dennis
|
0-0: Hit by Pitch Alfredo Medrano to second
|
Batting: RHB Jordan Robinson
|
0-0: Ball 1-0: Swinging Strike 1-1: Swinging Strike 1-2: SINGLE (Line Drive, 9S, EV 101.2 MPH) Alfredo Medrano to third Steve Dennis to second
|
Batting: RHB Pleun Smit
|
0-0: Called Strike 0-1: Ball 1-1: Ball 2-1: Foul Ball, location: 2F 2-2: Ball 3-2: Strikes out swinging
|
Batting: RHB Nick Wilkins
|
0-0: Called Strike 0-1: Ball 1-1: Foul Ball, location: 2F 1-2: Ball 2-2: Grounds into fielders choice 3-2 (Groundball, 34S, EV 82.5 MPH) Steve Dennis to third Jordan Robinson to second
|
Batting: RHB Tom Primmer
|
0-0: Swinging Strike 0-1: Foul Ball, location: 2F 0-2: Ball 1-2: Ground out 4-3 (Groundball, 4D, EV 96.9 MPH)
|
Top of the 9th over - 0 runs, 2 hits, 0 errors, 3 left on base; West Virginia 7 - South Bend 7 |
BOTTOM OF THE 9TH |
South Bend Cubs batting - Pitching for West Virginia Power : RHP Yuan-zhang Pi
|
Pitching: RHP Ernesto Mendez
|
|
Batting: RHB Brian Gargis
|
0-0: Ball 1-0: Called Strike 1-1: Ball 2-1: Ball 3-1: Swinging Strike 3-2: Base on Balls
|
Batting: RHB Rich Thurman
|
0-0: Ball Brian Gargis steals 2nd base 1-0: Ground out 4-3 (Groundball, 4MS, EV 73.1 MPH) Brian Gargis to third
|
Batting: RHB Mike Savage
|
0-0: Ball 1-0: SINGLE (Groundball, 56D, EV 96.2 MPH) Brian Gargis scores
|
Bottom of the 9th over - 1 run, 1 hit, 0 errors, 0 left on base; West Virginia 7 - South Bend 8 |
|
Game Over ... South Bend defeats West Virginia, 8 to 7
|
|
|